 Dungeon Crawl Stone Soup version 0.26-a0-652-gafc20e3620 (webtiles) character file.

Game seed: 11977680758517622764

486 zazu2006 the Magician (level 7, 0/57 HPs)
             Began as a Naga Hedge Wizard on Oct 4, 2020.
             Was a Follower of Vehumet.
             Hit by a stone thrown by an orc warrior (8 damage)
             ... on level 6 of the Dungeon.
             The game lasted 00:09:42 (6189 turns).

zazu2006 the Magician (Naga Hedge Wizard)           Turns: 6189, Time: 00:09:43

Health: 0/57       AC:  4    Str: 19    XL:     7   Next: 13%
Magic:  5/14       EV: 10    Int: 15    God:    Vehumet [*.....]
Gold:   200        SH:  0    Dex: 11    Spells: 6/15 levels left

rFire    . . .     SeeInvis +   n - +0 falchion
rCold    . . .     Faith    .   (no shield)
rNeg     . . .     Spirit   .   h - +0 leather armour
rPois    +         Reflect  .   c - +0 hat
rElec    .         Harm     .   (no cloak)
rCorr    .         Rampage  .   (no gloves)
MR       .....                  (no barding)
Stlth    ++........             (no amulet)
HPRegen  0.19/turn              s - +6 ring of strength
MPRegen  0.14/turn              (no ring)

@: very slightly contaminated, very slow
A: large, see invisible, deformed body, poison resistance, slowness 2, spit
poison 1, AC +2
a: Spit Poison, Renounce Religion


You were on level 6 of the Dungeon.
You worshipped Vehumet.
Vehumet was aware of your devotion.
You visited 1 branch of the dungeon, and saw 6 of its levels.

You collected 200 gold pieces.

Inventory:

Hand Weapons
 f - a +1 short sword of speed
 n - a +0 falchion (weapon)
Armour
 c - a +0 hat (worn)
 h - a +0 leather armour (worn)
Jewellery
 s - a +6 ring of strength (left hand)
Scrolls
 d - a scroll of remove curse
 e - a scroll of enchant armour {unknown}
 i - 3 scrolls of teleportation {unknown}
 j - 6 scrolls of identify
 k - 2 scrolls of noise {unknown}
 o - a scroll of amnesia {unknown}
 p - 3 scrolls of fear {unknown}
 t - a scroll of enchant weapon {unknown}
Potions
 a - 3 potions of stabbing {unknown}
 b - a potion of might {unknown}
 g - 2 potions of heal wounds {unknown}
 l - a potion of curing {unknown}
 m - a potion of lignification {unknown}
 q - 2 potions of ambrosia {unknown}
 r - a potion of haste {unknown}


   Skills:
 + Level 1.2 Fighting
 + Level 1.6 Long Blades
 + Level 1.8 Armour
 + Level 2.0 Dodging
 + Level 4.3 Stealth
 + Level 4.9 Spellcasting
 + Level 2.8 Conjurations
   Level 1.0 Summonings
 + Level 1.0 Translocations
 + Level 2.8 Poison Magic


You had 6 spell levels left.
You knew the following spells:

 Your Spells              Type           Power        Failure   Level
a - Magic Dart            Conj           ##..         6%          1
b - Mephitic Cloud        Conj/Pois/Air  #.......     26%         3
c - Conjure Flame         Conj/Fire      #.......     32%         3
d - Blink                 Tloc           N/A          19%         2

Your spell library contained the following spells:

 Spells                   Type           Power        Failure   Level
 Shock                    Conj/Air       #...         11%         1
 Sting                    Tmut/Pois      #...         11%         1
 Apportation              Tloc           #.....       13%         1
 Summon Small Mammal      Summ           #...         13%         1
 Poisonous Vapours        Pois/Air       #.....       17%         2
 Call Imp                 Summ           #.......     19%         2
 Animate Skeleton         Necr           #.....       21%         1
 Corona                   Hex            #......      21%         1
 Slow                     Hex            #.......     30%         2
 Ignite Poison            Fire/Tmut/Pois #.......     36%         3
 Olgreb's Toxic Radiance  Pois           ##......     52%         4


Dungeon Overview and Level Annotations

Branches:
Dungeon (6/15)             Temple (0/1) D:4

Altars:
Vehumet
Yredelemnul

Shops:
D:6 [

Annotations:
D:4 Grinder


Innate Abilities, Weirdness & Mutations

You cannot wear boots.
Your serpentine skin is tough. (AC +2)
You have supernaturally acute eyesight. (SInv)
Armour fits poorly on your strangely shaped body.
Your system is resistant to poisons. (rPois)
You cover ground very slowly.
You can spit poison.


Message History

The orc appears confused.
The orc hits the phantom but does no damage.
Casting: Mephitic Cloud (dangerous; 26% risk of failure)
Confirm with . or Enter, or press ? or * to list all spells.
You miscast Conjure Flame.
You are very lightly contaminated with residual magic.
The air around you crackles with energy!
* * * LOW HITPOINT WARNING * * *
The orc hits the orc.
The orc barely misses the orc.
The orc hits itself with a +0 trident.
The orc is killed!
Vehumet accepts your kill.
Casting: Conjure Flame (dangerous; 32% risk of failure)
Confirm with . or Enter, or press ? or * to list all spells.
The fire begins to smolder!
The orc warrior smothers the flame.
The orc warrior seems less confused.
The phantom blinks!
The orc shouts, "What's happening?!"
The orc warrior throws a stone.
The stone hits you!
You die...

....................
###.####............#
..W# ####.......# #..#
##....### #..# #....#
##..# #.#.##
#...########.#.####.#
#.#...oW.o....#.†...#
#..)#######@##.######
##..# #)##.#### #.o#
#..∩....# #.o#
##......# #..#
##......## #..#
#.......... #.(#
#.>........
###..#######......#####
#..(.....)......###


You could see a phantom, an orc warrior and an orc.

Vanquished Creatures
  A centaur zombie (D:5)
  An orc priest (D:3)
  A bullfrog skeleton (D:6)
  2 centaur skeletons
  An orc wizard (D:6)
  4 worker ants
  A hound skeleton (D:4)
  A worker ant zombie (D:5)
  9 adders
  3 worms (D:2)
  2 dart slugs
  9 leopard geckos
  12 orcs
  A ball python (D:1)
  8 bats
  4 giant cockroaches
  8 goblins
  9 hobgoblins
  2 jackals (D:6)
  5 kobolds
  A quokka (D:3)
  8 frilled lizards
  A leopard gecko skeleton (D:4)
  9 rats
103 creatures vanquished.

Notes
Turn   | Place    | Note
-------+----------+-------------------------------------------
     0 | D:1      | zazu2006 the Naga Hedge Wizard began the quest for the Orb.
     0 | D:1      | Reached XP level 1. HP: 15/15 MP: 4/4
   262 | D:1      | Reached XP level 2. HP: 11/22 MP: 0/6
  1076 | D:1      | Reached XP level 3. HP: 28/28 MP: 6/8
  1081 | D:1      | Learned a level 3 spell: Mephitic Cloud
  1085 | D:1      | Learned a level 3 spell: Conjure Flame
  1088 | D:1      | Learned a level 2 spell: Blink
  1478 | D:2      | Reached skill level 1 in Poison Magic
  1862 | D:2      | Reached XP level 4. HP: 36/36 MP: 0/10
  3034 | D:3      | Reached XP level 5. HP: 34/43 MP: 2/11
  3968 | D:4      | Found a radiant altar of Vehumet.
  4009 | D:4      | Became a worshipper of Vehumet
  4201 | D:4      | Reached skill level 1 in Fighting
  4201 | D:4      | Reached skill level 1 in Armour
  4201 | D:4      | Reached XP level 6. HP: 50/51 MP: 6/13
  4605 | D:4      | Found a staircase to the Ecumenical Temple.
  4614 | D:4      | You fall into a shaft and drop 1 floor!
  4614 | D:5      | Entered Level 5 of the Dungeon
  5348 | D:5      | Found a basalt altar of Yredelemnul.
  5547 | D:4      | Noticed Grinder
  5547 | D:4      | Paralysed by Grinder for 4 turns
  5554 | D:4      | Paralysed by Grinder for 5 turns
  5888 | D:6      | Found Alishic's Antique Armour Shop.
  5890 | D:6      | Reached skill level 1 in Long Blades
  6006 | D:6      | Reached XP level 7. HP: 50/57 MP: 5/14
  6025 | D:6      | Reached * piety under Vehumet
  6025 | D:6      | Offered knowledge of Shock by Vehumet.
  6147 | D:6      | Noticed a two-headed ogre
  6189 | D:6      | Hit by a stone thrown by an orc warrior

Illustrated notes

Levels and vault maps discovered:
D:1:      lemuel_arrival_funnel, layout_loops_ring, chequers_serial_rivers_marsh
D:2:      minmay_skewed_foursquare, layout_basic
D:3:      layout_loops_ring, minmay_misc_feat_iff
D:4:      layout_gridville, lemuel_doored_altar,
          minmay_temple_entry_gardened_gates, uniq_grinder
D:5:      layout_basic, lemuel_coloured_pillars_altar, grunt_ministairs_8
D:6:      layout_loops_ring, overflow_temple_1_default, serial_shops, shop

Skill      XL: |  1  2  3  4  5  6 |
---------------+-------------------+-----
Poison Magic   | 1 2 |  2.8
Spellcasting   | 4 |  4.9
Conjurations   | 2 |  2.8
Fighting       | 1 |  1.2
Armour         | 1 |  1.8
Stealth        | 4 |  4.3
Long Blades    | 1 |  1.6
Dodging        | 2 |  2.0
Summonings     | |  1.0
Translocations | |  1.0

Action                   |  1- 3 |  4- 6 |  7- 9 || total
-------------------------+-------+-------+-------++-------
Melee: Dagger            |     4 |       |       ||     4
       Short sword       |     6 |    82 |       ||    88
       Falchion          |       |    31 |    18 ||    49
 Cast: Magic Dart        |    76 |   136 |     2 ||   214
       Mephitic Cloud    |       |     3 |     2 ||     5
       Conjure Flame     |       |     2 |     1 ||     3
 Abil: Spit Poison       |    12 |    16 |       ||    28
  Use: Scroll            |       |     2 |       ||     2
 Stab: Sleeping          |       |     4 |       ||     4
       Confused          |       |     6 |     1 ||     7
Armor: Robe              |     1 |       |       ||     1
       Leather armour    |     1 |    32 |    14 ||    47
Dodge: Dodged            |    11 |    64 |    30 ||   105
       Rpst.: Falchion   |       |    11 |     9 ||    20

Table legend: (Time is in decaauts)
 A = Elapsed time spent in this place.
 B = Non-inter-level travel time spent in this place.
 C = Inter-level travel time spent in this place.
 D = Time resting spent in this place.
 E = Time spent auto-exploring this place.
 F = Levels seen in this place.
 G = Mean time per level.
                   A        B        C        D        E       F      G
               +--------+--------+--------+--------+--------+-----+--------+
         Total |   7350 |   7116 |    234 |    157 |   6108 |   6 | 1225.0 |
       Dungeon |   7350 |   7116 |    234 |    157 |   6108 |   6 | 1225.0 |
               +--------+--------+--------+--------+--------+-----+--------+

Top non-repeatable levels by time:
     D:1: 1611 daAuts
     D:3: 1582 daAuts
     D:2: 1489 daAuts
     D:5: 1201 daAuts
     D:4: 1113 daAuts
     D:6: 352 daAuts
